[Event "*** Titled Tuesday Blitz"]
[Site "Chess.com"]
[Date "2019.12.03"]
[Round "9"]
[White "Jbd735"]
[Black "Jadeit90"]
[Result "1-0"]
[WhiteElo "2445"]
[BlackElo "2296"]
[TimeControl "180+2"]
[EndTime "15:01:11 PST"]
[Termination "Jbd735 won by resignation"]

1. d4 g6 2. e4 Bg7 3. Nf3 c5 4. c3 cxd4 5. cxd4 d6 6. h3 Nf6 7. Nc3 O-O 8. Bg5 a6 9. Be2 b5 10. a3 Bb7 11. Qd3 Nc6 12. b4 Rc8 13. O-O h6 14. Be3 d5 15. e5 Ne8 16. Nd2 e6 17.
Nb3 Nb8 18. Nc5 Qb6 19. Qd2 Kh7 20. Rfb1 Bc6 21. a4 Nd7 22. axb5 Bxb5 23. Bxb5 1-0

[Event "*** Titled Tuesday Blitz"]
[Site "Chess.com"]
[Date "2019.12.03"]
[Round "9"]
[White "brendan174"]
[Black "j2806"]
[Result "1-0"]
[WhiteElo "2104"]
[BlackElo "1910"]
[TimeControl "180+2"]
[EndTime "15:01:20 PST"]
[Termination "brendan174 won by resignation"]

1. d4 Nf6 2. Nc3 e6 3. e4 d5 4. e5 Nfd7 5. Nf3 c5 6. dxc5 Bxc5 7. Bd3 Nc6 8. Bf4 a6 9. Qe2 Qc7 10. O-O O-O 11. Bxh7+ Kxh7 12. Ng5+ Kg6 13. Qd3+ f5 14. exf6+ Kxf6 15. Bxc7 1-0

[Event "*** Titled Tuesday Blitz"]
[Site "Chess.com"]
[Date "2019.12.03"]
[Round "9"]
[White "ruvat"]
[Black "PawnEatingZombie"]
[Result "1-0"]
[WhiteElo "2395"]
[BlackElo "2149"]
[TimeControl "180+2"]
[EndTime "15:01:25 PST"]
[Termination "ruvat won by checkmate"]

1. d4 d5 2. c4 e6 3. Nf3 dxc4 4. g3 b5 5. Bg2 Bb7 6. O-O Nd7 7. a4 a6 8. b3 cxb3 9. Qxb3 b4 10. a5 Ngf6 11.
Rd1 Be7 12. Nbd2 O-O 13. Bb2 Qc8 14. Rac1 c5 15. dxc5 Bd5 16. Qxb4 Rb8 17. Qc3 Nxc5 18. Ba1 Nce4 19. Nxe4 Nxe4 20. Qxg7# 1-0

[Event "*** Titled Tuesday Blitz"]
[Site "Chess.com"]
[Date "2019.12.03"]
[Round "9"]
[White "WeAintSurePal"]
[Black "RiskyDecision"]
[Result "0-1"]
[WhiteElo "2386"]
[BlackElo "2528"]
[TimeControl "180+2"]
[EndTime "15:01:52 PST"]
[Termination "RiskyDecision won by resignation"]

1. d4 f5 2. Bg5 g6 3. e3 Bg7 4. h4 h6 5. Bf4 Nf6 6. Nc3 d6 7. Bc4 e6 8. Qe2 a6 9. Bb3 Nc6 10.
O-O-O Na5 11. e4 Nxb3+ 12. axb3 O-O 13. e5 Nd5 14. Nxd5 exd5 15. Nf3 a5 16. Qe3 Kh7 17. h5 g5 18. Bxg5 hxg5 19. Nxg5+ Kg8 20. h6 f4 21. Qd3 Qxg5 22. hxg7 Qxg7 23. Rh5 Bg4 24. Rh4 Bxd1 0-1

[Event "*** Titled Tuesday Blitz"]
[Site "Chess.com"]
[Date "2019.12.03"]
[Round "9"]
[White "politeplayer"]
[Black "Niklas2304"]
[Result "1-0"]
[WhiteElo "2245"]
[BlackElo "2346"]
[TimeControl "180+2"]
[EndTime "15:02:04 PST"]
[Termination "politeplayer won by checkmate"]

1. e4 c5 2. Nf3 d6 3. d4 cxd4 4.
Nxd4 Nf6 5. Nc3 a6 6. Bc4 e6 7. O-O Be7 8. Bb3 Nbd7 9. Bxe6 fxe6 10.
Nxe6 Qb6 11. Be3 Qxb2 12. Bd4 Kf7 13. Nc7 Rb8 14. a3 Bd8 15. N3d5 Nxd5 16. Qh5+ Kf8 17.
Qe8# 1-0

[Event "*** Titled Tuesday Blitz"]
[Site "Chess.com"]
[Date "2019.12.03"]
[Round "9"]
[White "Everyfishknows"]
[Black "josiur"]
[Result "1-0"]
[WhiteElo "2320"]
[BlackElo "2407"]
[TimeControl "180+2"]
[EndTime "15:02:08 PST"]
[Termination "Everyfishknows won by resignation"]

1. Nf3 c5 2. c4 Nc6 3. d4 cxd4 4. Nxd4 g6 5. e4 Bg7 6. Be3 d6 7. Nc3 Nf6 8. Be2 O-O 9. O-O Nd7 10. Qd2 Nc5 11. f3 Ne6 12. Nxe6 Bxe6 13. Rac1 Qa5 14. Rfd1 Rfd8 15. b3 Rac8 16. Nd5 Qxd2 17. Rxd2 b6 18. Rdd1 Bxd5 19. cxd5 Ne5 20. Ba6 Rxc1 21. Rxc1 h6 22. Rc7 Rd7 23. Rc8+ Kh7 24. Be2 e6 25. f4 exd5 26.
fxe5 dxe4 27. Bb5 Re7 1-0

[Event "*** Titled Tuesday Blitz"]
[Site "Chess.com"]
[Date "2019.12.03"]
[Round "9"]
[White "Aleksandr_Kozak"]
[Black "Vyacheslav_N"]
[Result "1-0"]
[WhiteElo "2326"]
[BlackElo "2474"]
[TimeControl "180+2"]
[EndTime "15:02:14 PST"]
[Termination "Aleksandr_Kozak won by checkmate"]

1. e4 c5 2. c3 d5 3. exd5 Qxd5 4. d4 g6 5. Nf3 Bg7 6. Na3 Nf6 7. Bc4 Qd8 8. Qb3 O-O 9. dxc5 Na6 10. Be3 Ne4 11.
Rd1 Qc7 12. Nb5 Qb8 13. Bxf7+ Rxf7 14. Rd8+ Bf8 15. Bh6 e6 16. Qc4 Naxc5 17. Qd4 a6 18. Rxf8+ Rxf8 19. Qg7# 1-0

[Event "*** Titled Tuesday Blitz"]
[Site "Chess.com"]
[Date "2019.12.03"]
[Round "9"]
[White "PavelChernomordik"]
[Black "skoularikii"]
[Result "0-1"]
[WhiteElo "2449"]
[BlackElo "2548"]
[TimeControl "180+2"]
[EndTime "15:02:15 PST"]
[Termination "skoularikii won by checkmate"]

1. e4 c5 2. Nc3 Nc6 3. Bb5 e6 4. Bxc6 bxc6 5. e5 f6 6. f4 Ne7 7.
Nf3 d5 8. exd6 Nd5 9. Ne2 Bxd6 10. d3 Qa5+ 11. c3 Ba6 12. O-O c4 13. d4 O-O 14. Bd2 Qb5 15. Qc2 Rab8 16. Rab1 Nb6 17. Ng3 Qd5 18. Rfe1 Rfe8 19. Ne4 Bf8 20. Re2 Nd7 21.
Rbe1 c5 22. Bc1 cxd4 23. Nxd4 Nc5 24. Nf2 Nd3 25. Rxe6 Nxe1 26. Qe2 Qxg2# 0-1

[Event "*** Titled Tuesday Blitz"]
[Site "Chess.com"]
[Date "2019.12.03"]
[Round "9"]
[White "rogapa"]
[Black "Philosopherrr"]
[Result "1-0"]
[WhiteElo "2728"]
[BlackElo "2465"]
[TimeControl "180+2"]
[EndTime "15:02:23 PST"]
[Termination "rogapa won by resignation"]

1. e4 e5 2. Nf3 Nc6 3. Bb5 a6 4. Ba4 Nf6 5. d3 b5 6. Bb3 Be7 7. O-O d6 8. a3 O-O 9. Nc3 Bb7 10.
Ne2 Qd7 11. Ng3 Rfe8 12. Nf5 Bf8 13. Bg5 Be7 14. Nxe7+ Qxe7 15. c3 Nd8 16. Nh4 Bc8 17. f4 h6 18. Ng6 Qd7 19. Bxf6 gxf6 20. fxe5 fxe5 21. Qh5 Kg7 22. Nh4 Qg4 23. Rxf7+ 1-0

[Event "*** Titled Tuesday Blitz"]
[Site "Chess.com"]
[Date "2019.12.03"]
[Round "9"]
[White "iLuusions"]
[Black "Saitama_Hero"]
[Result "1-0"]
[WhiteElo "2646"]
[BlackElo "2317"]
[TimeControl "180+2"]
[EndTime "15:02:28 PST"]
[Termination "iLuusions won by checkmate"]

1. d4 Nf6 2. c4 g6 3. Nc3 d5 4. Nf3 Bg7 5. cxd5 Nxd5 6. h4 h5 7. Bd2 Nb6 8. e3 O-O 9. Bd3 Bg4 10. Qb3 Nc6 11. Ng5 a5 12. Bxg6 e6 13. Be4 a4 14.
Qc2 Nb4 15. Qb1 Nc4 16. Bxb7 Rb8 17. Qh7# 1-0

[Event "*** Titled Tuesday Blitz"]
[Site "Chess.com"]
[Date "2019.12.03"]
[Round "9"]
[White "ChainsOfFantasia"]
[Black "Manukyan_Artak"]
[Result "1-0"]
[WhiteElo "2517"]
[BlackElo "2359"]
[TimeControl "180+2"]
[EndTime "15:02:29 PST"]
[Termination "ChainsOfFantasia won by resignation"]

1. d4 Nf6 2. Nf3 e6 3. c4 c5 4. Nc3 cxd4 5. Nxd4 Nc6 6. e3 d5 7. Nxc6 bxc6 8. Be2 a5 9. O-O Be7 10. Bd3 O-O 11. Qe2 Qb6 12. Na4 Qb8 13. Bd2 Ng4 14.
Qxg4 e5 15. Qe2 e4 16. Bc2 f5 17. Bb3 Be6 18. Nc3 Qe5 19. cxd5 cxd5 20. Nb5 f4 21. exf4 Rxf4 22. Bxf4 Qxf4 23. Rad1 Rd8 24.
Qe3 Qh4 25. g3 Qh3 26. Nc7 Bg4 27. Rxd5 1-0

[Event "*** Titled Tuesday Blitz"]
[Site "Chess.com"]
[Date "2019.12.03"]
[Round "9"]
[White "chessdjw"]
[Black "Perecke"]
[Result "1-0"]
[WhiteElo "2679"]
[BlackElo "2196"]
[TimeControl "180+2"]
[EndTime "15:02:43 PST"]
[Termination "chessdjw won by resignation"]

1. c4 e5 2. Nc3 Nf6 3. Nf3 Nc6 4. g3 d5 5. cxd5 Nxd5 6. Bg2 Nb6 7. O-O Be7 8. d3 O-O 9. Be3 Be6 10. Rc1 Nd5 11. Nxd5 Bxd5 12. Qa4 a6 13. Rfd1 f5 14. Bc5 Bxc5 15.
Rxc5 Qd6 16. Rdc1 Rfc8 17. Nxe5 Bxg2 18. Qb3+ Bd5 19. Rxd5 Qe6 20. Rxc6 1-0

[Event "*** Titled Tuesday Blitz"]
[Site "Chess.com"]
[Date "2019.12.03"]
[Round "9"]
[White "przemekpiotrowski"]
[Black "Winehouse83"]
[Result "0-1"]
[WhiteElo "2421"]
[BlackElo "2530"]
[TimeControl "180+2"]
[EndTime "15:02:53 PST"]
[Termination "Winehouse83 won by resignation"]

1. d4 Nf6 2. Nf3 g6 3. g3 Bg7 4. Bg2 O-O 5. O-O d6 6. c4 Nbd7 7. Nc3 e5 8. b3 Re8 9. e4 c6 10. Bb2 exd4 11. Nxd4 Nc5 12. Re1 a5 13. Qd2 Ng4 14.
f4 Qb6 15. Kh1 Nd3 16. Na4 Qa7 17. h3 Ngf2+ 18. Kh2 Nxb2 19. Nxc6 bxc6 20. Nxb2 Bxb2 21. Qxb2 Nd3 22. Qf6 Nxe1 23. Rxe1 Qe7 24. Qd4 Bb7 25. h4 h5 26. Rf1 c5 27. Qd2 Bxe4 28. f5 Bxg2 29. f6 Qe2 0-1

[Event "*** Titled Tuesday Blitz"]
[Site "Chess.com"]
[Date "2019.12.03"]
[Round "9"]
[White "Vuk2000"]
[Black "Gentlejimmy7"]
[Result "1/2-1/2"]
[WhiteElo "2763"]
[BlackElo "2607"]
[TimeControl "180+2"]
[EndTime "15:03:03 PST"]
[Termination "Game drawn by repetition"]

1. e4 c5 2. Nc3 Nc6 3. g3 g6 4. Bg2 Bg7 5. d3 e6 6. Be3 b6 7.
Qd2 h6 8. Nge2 Nge7 9. O-O Bb7 10. a3 d5 11. exd5 exd5 12. d4 Nf5 13. dxc5 d4 14. Nxd4 Nfxd4 15. Rfe1 O-O 16. Bxh6 bxc5 17. Bg5 Bf6 18.
Bxf6 Nf3+ 19. Bxf3 Qxd2 20. Nd5 Rfe8 21. Bc3 Qxc2 22.
Nf6+ Kf8 23. Nd7+ Kg8 24. Nf6+ Kf8 25. Nd7+ Kg8 26. Nf6+ 1/2-1/2

[Event "*** Titled Tuesday Blitz"]
[Site "Chess.com"]
[Date "2019.12.03"]
[Round "9"]
[White "jefferyx"]
[Black "BlueWizzard"]
[Result "1-0"]
[WhiteElo "2906"]
[BlackElo "2751"]
[TimeControl "180+2"]
[EndTime "15:03:08 PST"]
[Termination "jefferyx won by resignation"]

1. c4 a6 2. Nc3 c5 3. g3 Nf6 4. Bg2 e6 5. e3 d5 6. cxd5 exd5 7. d4 Nc6 8. Nge2 Bg4 9. h3 Be6 10. O-O Bd6 11. dxc5 Bxc5 12. Nf4 O-O 13. Ncxd5 Nxd5 14. Nxd5 Ne5 15. e4 f5 16. Bf4 Bxd5 17. Qxd5+ Qxd5 18.
exd5 Nd3 19. Bc7 f4 20. Be4 Nxf2 21. Rxf2 Rac8 22. Rc1 Rxc7 23. Kg2 fxg3 24. Bxh7+ Kxh7 25. Rxf8 b6 26. b4 Bxf8 27. Rxc7 Bxb4 1-0

[Event "*** Titled Tuesday Blitz"]
[Site "Chess.com"]
[Date "2019.12.03"]
[Round "9"]
[White "ChessBitl"]
[Black "davigator"]
[Result "1-0"]
[WhiteElo "2368"]
[BlackElo "2289"]
[TimeControl "180+2"]
[EndTime "15:03:27 PST"]
[Termination "ChessBitl won by resignation"]

1. e4 c5 2. Nf3 Nc6 3. d4 cxd4 4. Nxd4 Nf6 5. Nc3 d6 6. Be3 Ng4 7. Bb5 Nxe3 8. fxe3 Bd7 9. Bxc6 bxc6 10. O-O e5 11. Nf5 Bxf5 12. exf5 Be7 13. Ne4 d5 14. f6 Bxf6 15.
Nxf6+ gxf6 16. Qg4 Kf8 17. Qh4 h5 18. Rxf6 Rc8 19.
Raf1 Rh7 20. Qh3 Rc7 21. Qf5 Kg8 22. Qxe5 Qd7 23. Qg5+ Kf8 24. c3 Qg4 25. Qxg4 hxg4 26. R1f4 Rg7 27. Kf2 Ke7 28. Kg3 Rc8 29. R6f5 Ke6 30.
Rh5 Rcg8 31. Rh6+ Kd7 32. Rff6 Rc8 33. Rd6+ Ke7 34. Rxc6 Rb8 35. Rc7+ Kd8 36. Rxa7 Rg8 37. b3 Rc8 38. Rd6+ Ke8 39. Rxd5 Rg6 40. Re5+ Kf8 41. c4 Rd8 42. Rf5 f6 43. Rb5 Re8 44.
e4 Rxe4 45. Ra8+ Re8 46. Rxe8+ Kxe8 47. a4 Kd8 48. a5 Kc8 49. a6 Rg7 50. Rb7 Rg5 51. Rf7 Re5 52. a7 Ra5 53. Kxg4 1-0

[Event "*** Titled Tuesday Blitz"]
[Site "Chess.com"]
[Date "2019.12.03"]
[Round "9"]
[White "kesarev"]
[Black "francyIM"]
[Result "0-1"]
[WhiteElo "2474"]
[BlackElo "2596"]
[TimeControl "180+2"]
[EndTime "15:03:31 PST"]
[Termination "francyIM won by resignation"]

1. Nf3 Nf6 2. c4 e6 3. g3 d5 4.
Bg2 dxc4 5. Qc2 c6 6. Qxc4 b5 7. Qc2 Bb7 8. a4 a6 9. O-O Be7 10. d3 O-O 11. Be3 Nbd7 12. Rc1 c5 13. axb5 axb5 14. Rxa8 Qxa8 15. Na3 Bc6 16. Qb3 Rb8 17. Nc2 b4 18. Nfe1 Nd5 19. Bd2 N7b6 20. Ne3 Rb7 21. Nc4 Rb8 22. Nxb6 Rxb6 23. Nc2 Ra6 24. Qc4 Ra2 25.
Rb1 Nb6 26. Bxc6 Nxc4 27. Bxa8 Nxd2 28. Ra1 Rxa1+ 29. Nxa1 Bf6 30. Nc2 Bxb2 31. Ne3 b3 32. Nc4 Bc3 33. Nxd2 Bxd2 34. d4 c4 35. e3 c3 0-1

[Event "*** Titled Tuesday Blitz"]
[Site "Chess.com"]
[Date "2019.12.03"]
[Round "9"]
[White "boasovietica"]
[Black "Sunrise777"]
[Result "0-1"]
[WhiteElo "2414"]
[BlackElo "2699"]
[TimeControl "180+2"]
[EndTime "15:03:35 PST"]
[Termination "Sunrise777 won by resignation"]

1. Nf3 Nf6 2. c4 g6 3. g3 Bg7 4. Bg2 c5 5. O-O Nc6 6. Nc3 O-O 7. d4 cxd4 8. Nxd4 d6 9. e3 Bd7 10. h3 Qc8 11. Kh2 Nxd4 12. exd4 Qxc4 13. Bxb7 Rab8 14.
Bg2 Nh5 15. Re1 Bxd4 16. Bd5 Qc5 17. Rxe7 Bxf2 18. Ne4 Bxg3+ 19. Nxg3 Qf2+ 20. Bg2 Qxg3+ 21. Kh1 Bxh3 22. Bd5 Qh4 23. Qe1 Ng3+ 24. Kh2 Be6+ 25. Kg2 Bxd5+ 0-1

[Event "*** Titled Tuesday Blitz"]
[Site "Chess.com"]
[Date "2019.12.03"]
[Round "9"]
[White "MasterKroket"]
[Black "WPWPWP-2015"]
[Result "0-1"]
[WhiteElo "2425"]
[BlackElo "2544"]
[TimeControl "180+2"]
[EndTime "15:03:38 PST"]
[Termination "WPWPWP-2015 won by resignation"]

1. d4 Nf6 2. c4 e6 3. Nf3 b6 4. a3 Bb7 5. Nc3 Be7 6. Qc2 d5 7. cxd5 exd5 8. Bf4 O-O 9. e3 c5 10. Bd3 Nbd7 11. Ne5 Rc8 12. Qe2 Ne4 13. f3 cxd4 14. fxe4 dxc3 15. exd5 Nxe5 16. Bxe5 Qxd5 17. Bxc3 Rfd8 18.
Rd1 Bh4+ 19. Kf1 Ba6 20. Qg4 Bxd3+ 21. Kg1 Qg5 22. Qxg5 0-1

[Event "*** Titled Tuesday Blitz"]
[Site "Chess.com"]
[Date "2019.12.03"]
[Round "9"]
[White "FelixJoseYnojosa"]
[Black "vugarrasulov"]
[Result "1-0"]
[WhiteElo "2625"]
[BlackElo "2769"]
[TimeControl "180+2"]
[EndTime "15:03:46 PST"]
[Termination "FelixJoseYnojosa won by resignation"]

1. e4 c5 2. c3 Nf6 3. e5 Nd5 4.
d4 cxd4 5. cxd4 e6 6. Nc3 Nxc3 7. bxc3 Qc7 8. Bd2 d6 9. f4 b6 10. Nf3 Bb7 11. Bd3 Be7 12. Qb1 Nd7 13. Bxh7 O-O-O 14. Be4 g5 15. exd6 Bxd6 16. Bxb7+ Qxb7 17. fxg5 f5 18. Qb3 e5 19. Qc4+ Kb8 20. dxe5 Nxe5 21. Nxe5 Bxe5 22.
O-O-O Rc8 23. Qb4 Qxg2 24. Bf4 Bxf4+ 25. Qxf4+ Ka8 26. Kb1 Rc5 27. Ka1 Ra5 28. Qd2 Qc6 29.
Rhg1 Rb5 30. g6 Rxh2 31. Qd8+ Kb7 32. Qd7+ Qxd7 33. Rxd7+ Kc6 34. g7 Ra5 35. g8=Q 1-0

[Event "*** Titled Tuesday Blitz"]
[Site "Chess.com"]
[Date "2019.12.03"]
[Round "9"]
[White "SanchezKelvin"]
[Black "LonesomeGeorge1"]
[Result "0-1"]
[WhiteElo "2412"]
[BlackElo "2327"]
[TimeControl "180+2"]
[EndTime "15:03:52 PST"]
[Termination "LonesomeGeorge1 won by resignation"]

1. d4 Nf6 2. c4 e6 3. Nf3 d5 4. Nc3 a6 5. Bg5 dxc4 6. a4 Nc6 7. e3 Na5 8. Nd2 h6 9. Bxf6 Qxf6 10. Nxc4 Nxc4 11.
Bxc4 Bb4 12. O-O O-O 13. Ne4 Qe7 14. Qc2 e5 15. dxe5 Qxe5 16. Ng3 Bd6 17. Rae1 Bd7 18. f4 Qa5 19. b3 b5 20. axb5 axb5 21. Bd3 Qa2 22.
Ne4 Qxc2 23. Bxc2 Bb4 24. Rd1 Bg4 25. Ra1 Be2 26. Rfb1 c5 27. Kf2 Bg4 28. h3 Be6 29.
Nd6 Rxa1 30. Rxa1 Rd8 31. Rd1 c4 32. Nxb5 Rxd1 33. Bxd1 cxb3 34. f5 b2 35. Bc2 Ba2 0-1

[Event "*** Titled Tuesday Blitz"]
[Site "Chess.com"]
[Date "2019.12.03"]
[Round "9"]
[White "Sneakiest_Of_Snakes"]
[Black "aquaticpineapples"]
[Result "0-1"]
[WhiteElo "1826"]
[BlackElo "2232"]
[TimeControl "180+2"]
[EndTime "15:04:00 PST"]
[Termination "aquaticpineapples won by resignation"]

1. e4 d5 2. exd5 Qxd5 3. Nf3 Bg4 4. Be2 Nc6 5. O-O O-O-O 6. d3 e5 7. c4 Qa5 8. Bd2 Bb4 9. a3 Bxf3 10. gxf3 Bxd2 11.
Nxd2 Nd4 12. Nb3 Qb6 13. Nxd4 Rxd4 14. Qa4 Nh6 15. Kh1 Rh4 16. Qb5 Qf6 17. Rg1 Nf5 18.
f4 Nd4 19. Qd5 Qxf4 20. Rg2 Nxe2 21. Re1 Nd4 22. Rxe5 Nf3 23. Re4 Qxh2+ 0-1

[Event "*** Titled Tuesday Blitz"]
[Site "Chess.com"]
[Date "2019.12.03"]
[Round "9"]
[White "Gennady_Kozlov"]
[Black "GoldenShare"]
[Result "1-0"]
[WhiteElo "2559"]
[BlackElo "2463"]
[TimeControl "180+2"]
[EndTime "15:04:08 PST"]
[Termination "Gennady_Kozlov won by resignation"]

1. b3 e5 2. Bb2 Nc6 3. e3 Nf6 4. Be2 d5 5. c4 d4 6. d3 Be7 7.
e4 a5 8. Nd2 Nd7 9. f4 Nc5 10.
Ngf3 f6 11. O-O O-O 12. Qe1 Nb4 13. fxe5 Ncxd3 14. Qb1 Nxb2 15. Qxb2 c5 16. exf6 Bxf6 17.
e5 Be7 18. a3 Nc6 19. Bd3 Bf5 20. Qc2 Qd7 21. Rae1 Bxd3 22. Qxd3 Qf5 23. Ne4 Nxe5 24. Nxe5 Qxe5 25. Nf6+ Bxf6 26. Rxe5 Bxe5 27. Qe4 Rxf1+ 28. Kxf1 Bxh2 29. Qd5+ Kh8 30. Qxc5 Rd8 31. Qe7 Rb8 32. Ke2 h6 33. Kd3 b5 34. c5 b4 35. c6 bxa3 36. Qxa3 Bc7 37. Kxd4 Rd8+ 38. Kc4 Rd6 39. Kb5 Rd5+ 40.
Ka6 Bd6 41. Qc1 Rc5 42. Qxc5 1-0

[Event "*** Titled Tuesday Blitz"]
[Site "Chess.com"]
[Date "2019.12.03"]
[Round "9"]
[White "ural58"]
[Black "earling8018"]
[Result "1-0"]
[WhiteElo "2343"]
[BlackElo "1928"]
[TimeControl "180+2"]
[EndTime "15:04:08 PST"]
[Termination "ural58 won by resignation"]

1. e4 e5 2. f4 Bc5 3. Nf3 d6 4.
c3 Nf6 5. fxe5 dxe5 6. Nxe5 Nxe4 7. d4 Qh4+ 8. g3 Nxg3 9. hxg3 Qxh1 10. dxc5 O-O 11.
Qf3 Qg1 12. Be3 Qh2 13. Nd2 Nc6 14. Nxc6 bxc6 15. O-O-O Be6 16. Bd3 Bd5 17. Be4 Bxe4 18. Nxe4 Qh3 19. Rh1 Qd7 20. Qh5 Qf5 21. Qxf5 1-0

[Event "*** Titled Tuesday Blitz"]
[Site "Chess.com"]
[Date "2019.12.03"]
[Round "9"]
[White "Leonid_Starozhilov"]
[Black "Micki-taryan"]
[Result "0-1"]
[WhiteElo "2670"]
[BlackElo "2969"]
[TimeControl "180+2"]
[EndTime "15:04:10 PST"]
[Termination "Micki-taryan won by resignation"]

1. Nf3 Nf6 2. g3 Nc6 3. d4 d6 4.
Bg2 g6 5. O-O Bg7 6. Nc3 O-O 7.
e4 e5 8. dxe5 Nxe5 9. Nxe5 dxe5 10. Bg5 c6 11. Qxd8 Rxd8 12. a4 h6 13. Be3 Ng4 14. Rad1 Re8 15. Bc1 Bf8 16. h3 Nf6 17.
Be3 Kg7 18. f4 Be6 19. b3 Bb4 20. Na2 Be7 21. f5 gxf5 22. exf5 Bd5 23. c4 Bxg2 24. Kxg2 h5 25. Nc3 Bb4 26. Ne2 a5 27. Kf3 Rad8 28. g4 e4+ 29. Kg3 hxg4 30. hxg4 Rd3 31. Kf4 Bd6+ 32. Kg5 Rxe3 33. Rxd6 Nh7+ 34. Kf4 Rxe2 35.
g5 e3 36. Kf3 Rf2+ 37. Rxf2 Nxg5+ 38. Kg2 exf2 39. Kxf2 Ne4+ 0-1

[Event "*** Titled Tuesday Blitz"]
[Site "Chess.com"]
[Date "2019.12.03"]
[Round "9"]
[White "Zq1"]
[Black "ChessWarrior7197"]
[Result "1/2-1/2"]
[WhiteElo "2548"]
[BlackElo "2892"]
[TimeControl "180+2"]
[EndTime "15:04:13 PST"]
[Termination "Game drawn by repetition"]

1. d4 Nf6 2. c4 e6 3. Nc3 Bb4 4. e3 O-O 5. Bd3 d5 6. Nf3 c5 7.
cxd5 exd5 8. a3 Bxc3+ 9. bxc3 c4 10. Bc2 Bg4 11. a4 Bh5 12. Ba3 Re8 13. Qb1 b6 14.
Nd2 Bg6 15. O-O Nc6 16. Bxg6 hxg6 17. Qc2 Qd7 18. Rae1 g5 19. h3 g4 20. hxg4 Qxg4 21. f3 Qh5 22. Bd6 Re6 23. Bf4 Rae8 24. e4 Qg6 25. Qa2 Nh5 26. Bh2 Ng3 27. Rf2 dxe4 28. d5 e3 29. dxe6 Rxe6 30. Bxg3 Qxg3 31. Rfe2 exd2 32. Qxd2 Rh6 33. Re8+ Kh7 34. Qf2 Qh2+ 35. Kf1 Qh1+ 36. Qg1 Qh5 37. Qe3 Qh1+ 38. Qg1 Qh5 39. Qe3 Rg6 40. Kg1 f6 41. Qe4 Ne5 42. Rxe5 fxe5 43.
Qxe5 Qxf3 44. Qh2+ Kg8 45. Qb8+ Kh7 46. Qh2+ Kg8 47.
Qb8+ Kh7 48. Qh2+ 1/2-1/2

[Event "*** Titled Tuesday Blitz"]
[Site "Chess.com"]
[Date "2019.12.03"]
[Round "9"]
[White "Alopekos"]
[Black "joshdaruca"]
[Result "0-1"]
[WhiteElo "2499"]
[BlackElo "2720"]
[TimeControl "180+2"]
[EndTime "15:04:25 PST"]
[Termination "joshdaruca won by resignation"]

1. e4 c5 2. Nc3 Nc6 3. Nge2 e6 4.
d4 cxd4 5. Nxd4 Qc7 6. Be3 a6 7. Be2 Nf6 8. O-O Be7 9. f4 d6 10. Qe1 O-O 11. Qg3 d5 12. e5 Ne4 13. Nxe4 dxe4 14. f5 Nxd4 15. Bxd4 exf5 16. Kh1 Be6 17. c3 Bc5 18. Rad1 Rfd8 19. h3 Qe7 20. Qe3 Bxd4 21. cxd4 g6 22. Rd2 b5 23. Bd1 Rac8 24. Bb3 Bxb3 25. axb3 Rd5 26. Rdf2 Rcd8 27. Rxf5 gxf5 28. Rxf5 Rxd4 29. Qh6 Kh8 30. Rh5 f6 31. exf6 Rd1+ 32. Kh2 Qc7+ 0-1

[Event "*** Titled Tuesday Blitz"]
[Site "Chess.com"]
[Date "2019.12.03"]
[Round "9"]
[White "Sergey85Rodchenkov"]
[Black "Supernotar"]
[Result "0-1"]
[WhiteElo "2482"]
[BlackElo "2644"]
[TimeControl "180+2"]
[EndTime "15:04:37 PST"]
[Termination "Supernotar won by resignation"]

1. e4 c6 2. d4 d5 3. exd5 cxd5 4.
Bd3 Nc6 5. c3 Qc7 6. h3 g6 7.
Nf3 Bf5 8. Be2 Nf6 9. O-O Bg7 10. Nbd2 O-O 11. Re1 h5 12. Nb3 Ne4 13. Be3 Rad8 14. Bd3 Nd6 15. Bf4 Bxd3 16. Qxd3 Qc8 17. Ne5 Nxe5 18.
Bxe5 Rfe8 19. Bxg7 Kxg7 20. Nd2 Qf5 21. Qg3 Qc2 22.
Qe5+ f6 23. Qf4 Qxb2 24. Nb3 Qxc3 25. Nc5 e5 26. dxe5 fxe5 27. Qc1 Qxc1 28. Raxc1 b6 29. Nd3 Nc4 30. Nb4 b5 31. Red1 d4 32. a4 Nb2 33. Rc7+ Kh6 34. Rdc1 d3 0-1

[Event "*** Titled Tuesday Blitz"]
[Site "Chess.com"]
[Date "2019.12.03"]
[Round "9"]
[White "Sjakkerntobi"]
[Black "nitpicker"]
[Result "0-1"]
[WhiteElo "2140"]
[BlackElo "2283"]
[TimeControl "180+2"]
[EndTime "15:04:39 PST"]
[Termination "nitpicker won by checkmate"]

1. e4 c5 2. Nf3 e6 3. d4 cxd4 4. Nxd4 a6 5. Be2 Qc7 6. O-O Nf6 7. Nc3 b5 8. f4 b4 9. Na4 Nxe4 10. Bf3 Bb7 11. Re1 f5 12. Be3 Nc6 13. Nxc6 Bxc6 14.
Nb6 Rb8 15. Nc4 Be7 16. Bd4 d6 17. Bxg7 Rg8 18. Bh5+ Kd7 19. Be5 Nf6 20. Bf3 Bxf3 21. Qxf3 Qxc4 22. Rad1 Qc6 23. Qxc6+ Kxc6 24. Bxf6 Bxf6 25.
Rxe6 Bxb2 26. Rexd6+ Kb7 27. Rd7+ Kb6 28. R1d6+ Kb5 29.
Rd5+ Kc4 30. Rxf5 Bd4+ 31. Kf1 Rbc8 32. Rd6 Rgd8 33. Rxa6 Bc3 34. Re6 Rd1+ 35. Kf2 Rd2+ 36. Re2 Rcd8 37. Rf7 Rxe2+ 38. Kxe2 Rd2+ 39. Kf3 Rxc2 40. Rxh7 Rxa2 41. Rc7+ Kd3 42. h4 b3 43.
h5 b2 44. Rb7 Ra1 45. g4 b1=Q 46. Rxb1 Rxb1 47. g5 Rf1+ 48. Kg4 Ke4 49. g6 Rxf4+ 50.
Kg5 Bf6+ 51. Kh6 Rg4 52. Kh7 Kf5 53. Kh6 Rg5 54. Kh7 Rxh5+ 55. Kg8 Rh8+ 56. Kf7 Ra8 57. g7 Ra7+ 58. Kg8 Rxg7+ 59. Kh8 Rg1+ 60. Kh7 Bd8 61. Kh8 Kf6 62. Kh7 Be7 63. Kh6 Rh1# 0-1

[Event "*** Titled Tuesday Blitz"]
[Site "Chess.com"]
[Date "2019.12.03"]
[Round "9"]
[White "2165149677570"]
[Black "Kimster98"]
[Result "0-1"]
[WhiteElo "2361"]
[BlackElo "2575"]
[TimeControl "180+2"]
[EndTime "15:04:43 PST"]
[Termination "Kimster98 won by resignation"]

1. d4 Nf6 2. c4 e6 3. g3 Bb4+ 4. Bd2 Be7 5. Bg2 d5 6. Nc3 dxc4 7. Qa4+ c6 8. Qxc4 O-O 9. Qd3 Nbd7 10. e4 e5 11. d5 Nc5 12. Qc2 cxd5 13. exd5 g6 14.
Nge2 Bf5 15. Qd1 Nd3+ 16. Kf1 Nxb2 17. Qb3 Nd3 18. h3 Bc5 19. g4 Nxf2 20. gxf5 Nxh1 21.
Bxh1 gxf5 22. Bg5 Qd6 23. Nb5 Qb6 24. Qg3 Nh5 25. Qh4 Qg6 26. Bf3 f6 27. Bd2 Ng7 28. Ng3 f4 29. Ne2 e4 30. Bg4 f5 31.
Nxf4 fxg4 0-1

[Event "*** Titled Tuesday Blitz"]
[Site "Chess.com"]
[Date "2019.12.03"]
[Round "9"]
[White "Atanejhad"]
[Black "Walter_White_Poland"]
[Result "1-0"]
[WhiteElo "2320"]
[BlackElo "2262"]
[TimeControl "180+2"]
[EndTime "15:04:48 PST"]
[Termination "Atanejhad won by resignation"]

1. e4 e5 2. Nf3 Nc6 3. Bb5 a6 4.
Ba4 Nf6 5. O-O b5 6. Bb3 Be7 7. Re1 d6 8. c3 O-O 9. h3 Nb8 10. d4 Nbd7 11. Nbd2 Bb7 12. Bc2 Re8 13. b4 a5 14. Bb2 c5 15. bxc5 dxc5 16. d5 Bd6 17. a4 b4 18. Nc4 Nb6 19. Nfd2 Nxc4 20. Nxc4 Ba6 21. Bd3 Bxc4 22. Bxc4 g6 23. Qf3 Nh5 24. Bb5 Rf8 25. g3 Rc8 26. Bc6 Qb6 27. Re2 c4 28. Kg2 b3 29. Rf1 Rxc6 30. dxc6 Qxc6 31. Rd1 Be7 32. Red2 Qxa4 33. Rd7 Bf6 34. R1d6 Bg7 35. Rc7 Qa2 36. Rdd7 Nf6 37. Rd2 a4 38. Ra7 Qb1 39.
Re2 Nh5 40. Ba3 Qd3 41. Re3 Qc2 42. Bxf8 b2 43. Qxf7+ 1-0